 Dungeon Crawl Stone Soup version 0.24.1 (webtiles) character file.

Game seed: 1939484881499763770, levelgen mode: deterministic

5652 funkygono the Geomancer (level 10, 0/55 HPs)
             Began as a Gargoyle Earth Elementalist on Mar 24, 2020.
             Was a Believer of Vehumet.
             Slain by Grum
             ... wielding a +1 spear
              (7 damage)
             ... on level 8 of the Dungeon.
             The game lasted 00:33:24 (10958 turns).

funkygono the Geomancer (GrEE)                     Turns: 10958, Time: 00:33:25

Health: 0/55       AC: 17    Str: 13    XL:     10   Next: 74%
Magic:  16/21      EV: 13    Int: 18    God:    Vehumet [**....]
Gold:   573        SH:  0    Dex: 10    Spells: 11/24 levels left

rFire    + . .     SeeInvis .   u - +3 quarterstaff (chaos)
rCold    x . .     Gourm    .   (shield currently unavailable)
rNeg     + . .     Faith    .   k - +0 leather armour
rPois    ∞         Spirit   .   J - +0 helmet
rElec    +         Reflect  .   r - +0 cloak of the Gloaming {Slay+5}
rCorr    .         Harm     .   D - +0 pair of gloves
MR       .....                  m - +2 pair of boots
Stlth    ++........             (no amulet)
HPRegen  0.18/turn              l - ring of fire
MPRegen  0.17/turn              v - ring of flight

@: very slightly contaminated
A: negative energy resistance 1, electricity resistance, unbreathing,
petrification resistance, rot immunity, AC +7
a: Renounce Religion, Evoke Flight


You were on level 8 of the Dungeon.
You worshipped Vehumet.
Vehumet was pleased with you.
You were not hungry.

You visited 2 branches of the dungeon, and saw 9 of its levels.
You also visited: Ossuary.

You collected 573 gold pieces.

Inventory:

Hand Weapons
 o - a +2 whip of electrocution
 u - a +3 quarterstaff of chaos (weapon)
 x - a +0 whip of electrocution
 H - the cursed +13 scythe of Curses {drain, *Curse}
   (You found it on level 8 of the Dungeon)

   A truly terrible weapon, it drains the life of those it strikes.
   It curses itself when equipped.
   It has a curse placed upon it.
Missiles
 b - 308 stones (quivered)
Armour
 k - a +0 leather armour (worn)
 m - a +2 pair of boots (worn)
 r - the +0 cloak of the Gloaming (worn) {Slay+5}
   (You found it on level 5 of the Dungeon)

   It affects your accuracy and damage with ranged weapons and melee attacks
   (+5).
 D - a +0 pair of gloves (worn)
 J - a +0 helmet (worn)
Jewellery
 l - a ring of fire (left hand)
 v - a ring of flight (right hand)
 C - an uncursed amulet of the acrobat {unknown}
Wands
 q - a wand of paralysis (7)
 s - a wand of random effects (15)
 F - a wand of iceblast (10)
Scrolls
 c - 3 scrolls of blinking
 g - 4 scrolls of teleportation
 h - a scroll of remove curse
 y - 2 scrolls of amnesia
 G - a scroll of fear
 I - a scroll of fog
 K - a scroll of silence {unknown}
 M - a scroll of identify
Potions
 a - 2 potions of ambrosia
 e - 4 potions of flight
 f - a potion of haste
 i - 2 potions of mutation
 j - 9 potions of curing
 n - 2 potions of berserk rage {unknown}
 p - 2 potions of magic {unknown}
 t - 2 potions of brilliance {unknown}
 w - 2 potions of degeneration {unknown}
 z - 2 potions of heal wounds {unknown}
 A - 2 potions of agility {unknown}
 B - a potion of might {unknown}
 E - 2 potions of lignification {unknown}
Comestibles
 d - 8 rations
 L - a chunk of flesh


   Skills:
 + Level 2.9 Fighting
 + Level 0.3(3.9) Maces & Flails
 + Level 6.3 Staves
 + Level 4.2 Armour
 + Level 4.0 Dodging
 + Level 4.1 Stealth
 + Level 7.5 Spellcasting
 + Level 5.6 Conjurations
   Level 0.7 Transmutations
 + Level 1.2 Ice Magic
 + Level 9.8 Earth Magic
 + Level 0.2 Poison Magic


You had 11 spell levels left.
You knew the following spells:

 Your Spells              Type           Power        Failure   Level  Hunger
a - Sandblast             Erth           #####.       1%          1    None
b - Stone Arrow           Conj/Erth      ####..       1%          3    #......
c - Lee's Rapid Deconstr  Erth           #####.....   6%          5    #####..
d - Magic Dart            Conj           ####         1%          1    None
e - Throw Frost           Conj/Ice       ###...       4%          2    None
f - Sting                 Conj/Pois      ###.         3%          1    None

Your spell library contained the following spells:

 Spells                   Type           Power        Failure   Level  Hunger
 Throw Flame              Conj/Fire      ####..       6%          2    None
 Passwall                 Tmut/Erth      ####....     2%          2    None
 Freeze                   Ice            ##..         8%          1    None
 Conjure Flame            Conj/Fire      ####....     12%         3    #......
 Petrify                  Tmut/Erth      ####....     14%         4    ###....
 Ensorcelled Hibernation  Hex/Ice        #.....       16%         2    None
 Mephitic Cloud           Conj/Pois/Air  ##......     17%         3    #......
 Blink                    Tloc           N/A          19%         2    None
 Call Imp                 Summ           #.......     19%         2    None
 Slow                     Hex            #.......     19%         2    None
 Ozocubu's Armour         Chrm/Ice       #.......     30%         3    #......
 Throw Icicle             Conj/Ice       ###.....     30%         4    ###....
 Borgnjor's Vile Clutch   Necr/Erth      ###.......   43%         5    #####..
 Summon Ice Beast         Ice/Summ       #.......     69%         4    ###....
 Silence                  Hex/Air        #.........   98%         5    #####..
 Darkness                 Hex            #.........   100%        6    ######.
 Shadow Creatures         Summ           N/A          100%        6    ######.


Dungeon Overview and Level Annotations

Branches:
Dungeon (8/15)             Temple (1/1) D:5         Ossuary (visited)
   Lair: D:8-11

Altars:
Ashenzari
Cheibriados
Dithmenos
Elyvilon
Fedhas
Gozag
Hepliaklqana
Kikubaaqudgha
Makhleb
Nemelex Xobeh
Okawaru
Qazlal
Ru
Sif Muna
Trog
Uskayaw
Vehumet
Wu Jian
Xom
Yredelemnul
Zin
The Shining One

Shops:
D:7 [

Annotations:
D:4 2 transporters, kolakolka's ghost, amateur TrFi
D:8 Grum


Innate Abilities, Weirdness & Mutations

You are resistant to torment.
Your stone body is resilient. (AC +7)
You are immune to poison.
You resist negative energy. (rN+)
You are resistant to electric shocks. (rElec)
You can survive without breathing.
You are immune to petrification.
You are immune to rotting.


Message History

The wolf closely misses you. The wolf bites you.
Grum hits you from afar with a +1 spear!
* * * LOW HITPOINT WARNING * * *
You sock the wolf! You freeze the wolf.
You kill the wolf!
Vehumet accepts your kill.
Your Armour skill increases to level 4!
Grum hits you but does no damage. The wolf closely misses you.
You thump the wolf! Lightning courses through the wolf!
You kill the wolf!
Vehumet accepts your kill.
You feel your power returning.
Your Dodging skill increases to level 4!
Grum closely misses you. Grum hits you with a +1 spear!
* * * LOW HITPOINT WARNING * * *
Things that are here:
a wolf corpse x3
You barely miss Grum. Grum hits you with a +1 spear!
You die...

################### ##
#.................# .
##................. #
##..##............
#.#...###...##...
####..###.........# .
#.@....#.........## .h. #####
###g..(..........## #..#.#.##
#...........##..##. #...h.g.#
###.......##...#.....
.......##.###..........##........
###...###...#g..#..............##
#.........h...#................
#..............................
#.............####...##......##


You could see Grum.

Vanquished Creatures
  Pikel (D:6)
  Joseph (D:8)
  Maurice (D:8)
  A hippogriff (D:8)
  Eustachio (D:6)
  4 slaves (D:5)
  3 ice beasts
  A necrophage (D:6)
  An orc warrior (D:8)
  3 phantoms
  6 ogres
  4 wolves (D:8)
  3 centaurs
  5 elf zombies (Ossuary)
  3 bullfrogs
  4 scorpions
  11 killer bees (D:8)
  A howler monkey (D:6)
  3 crimson imps
  4 centaur zombies (Ossuary)
  2 hounds (D:7)
  A bullfrog skeleton (D:4)
  2 orc priests
  Crazy Yiuf (D:6)
  2 gnoll shamans
  3 human zombies (Ossuary)
  2 orc wizards
  An iguana (D:8)
  7 worker ants
  A killer bee zombie (D:8)
  2 hound zombies
  2 hound skeletons
  3 mummies (Ossuary)
  A howler monkey zombie (D:5)
  11 gnolls
  12 adders
  An ooze (D:5)
  An adder skeleton (D:6)
  4 worms
  3 dart slugs
  5 leopard geckos
  8 orcs
  9 bats
  4 giant cockroaches
  15 goblins
  11 hobgoblins
  4 jackals
  10 kobolds
  4 quokkas
  4 frilled lizards
  An orc zombie (D:7)
  A quokka skeleton (D:6)
  2 quokka zombies
  6 rats
  A spectral orc (D:5)
208 creatures vanquished.

Vanquished Creatures (others)
  A sky beast (D:8)
1 creature vanquished.

Grand Total: 209 creatures vanquished

Notes
Turn   | Place    | Note
-------+----------+-------------------------------------------
     0 | D:1      | funkygono the Gargoyle Earth Elementalist began the quest
                  | for the Orb.
     0 | D:1      | Reached XP level 1. HP: 10/10 MP: 3/3
    76 | D:1      | Reached skill level 4 in Earth Magic
    76 | D:1      | Reached XP level 2. HP: 15/15 MP: 0/5
   400 | D:1      | Reached XP level 3. HP: 16/19 MP: 3/6
   528 | D:1      | Learned a level 3 spell: Stone Arrow
  1679 | D:2      | Reached XP level 4. HP: 18/24 MP: 1/7
  1757 | D:2      | Reached skill level 1 in Armour
  1925 | D:2      | Found a shadowy altar of Dithmenos.
  2631 | D:3      | Reached skill level 1 in Conjurations
  2632 | D:3      | Reached XP level 5. HP: 28/28 MP: 2/9
  2971 | D:3      | Found an iron altar of Okawaru.
  3105 | D:3      | Found an opulent altar of Gozag.
  3232 | D:3      | Found an iron altar of Okawaru.
  3580 | D:3      | Learned a level 5 spell: Lee's Rapid Deconstruction
  3619 | D:4      | Noticed an ogre
  3627 | D:4      | Reached skill level 1 in Staves
  3630 | D:4      | Killed an ogre
  3630 | D:4      | Reached skill level 5 in Earth Magic
  3630 | D:4      | Reached XP level 6. HP: 32/32 MP: 3/11
  4347 | D:4      | Found a transporter.
  4398 | D:4      | Found a transporter.
  4401 | D:4      | Noticed kolakolka's ghost (amateur TrFi)
  4517 | D:4      | Reached XP level 7. HP: 36/36 MP: 4/12
  4789 | D:5      | Entered Level 5 of the Dungeon
  5171 | D:5      | Found a staircase to the Ecumenical Temple.
  5188 | D:5      | Learned a level 1 spell: Magic Dart
  5190 | Temple   | Entered the Ecumenical Temple
  5298 | Temple   | Became a worshipper of Vehumet
  5433 | D:5      | Reached skill level 6 in Earth Magic
  5439 | D:5      | Got an ancient cloak
  5446 | D:5      | Identified the +0 cloak of the Gloaming {Slay+5} (You found
                  | it on level 5 of the Dungeon)
  5609 | D:5      | Found a basalt altar of Yredelemnul.
  6326 | D:5      | Reached XP level 8. HP: 41/41 MP: 4/15
  6726 | D:6      | Noticed Pikel
  7050 | D:6      | Killed Pikel
  7050 | D:6      | Reached skill level 1 in Fighting
  7050 | D:6      | Reached skill level 5 in Spellcasting
  7050 | D:6      | Reached skill level 7 in Earth Magic
  7111 | D:6      | Found a glowing silver altar of Zin.
  7216 | D:6      | Found a hide-covered altar of Uskayaw.
  7257 | D:6      | Learned a level 2 spell: Throw Frost
  7384 | D:6      | Reached XP level 9. HP: 47/47 MP: 2/17
  7565 | D:6      | Reached * piety under Vehumet
  7565 | D:6      | Offered knowledge of Sting by Vehumet.
  7568 | D:6      | Learned a level 1 spell: Sting
  7691 | D:6      | Noticed Eustachio
  7709 | D:6      | Killed Eustachio
  7709 | D:6      | Reached skill level 8 in Earth Magic
  7837 | D:6      | Found a stormy altar of Qazlal.
  8002 | D:6      | Found a runed translucent door.
  8003 | D:6      | Noticed Crazy Yiuf
  8009 | D:6      | Killed Crazy Yiuf
  8153 | D:7      | Found Fedig's Armour Shoppe.
  8299 | D:7      | Found a sand-covered staircase.
  8308 | Ossuary  | Entered an ossuary
  8338 | Ossuary  | Reached skill level 1 in Ice Magic
  8668 | Ossuary  | Reached skill level 5 in Staves
  9019 | D:7      | Found a glowing golden altar of the Shining One.
  9022 | D:7      | Found a shimmering altar of Xom.
  9024 | D:7      | Found a white marble altar of Elyvilon.
  9208 | D:7      | Found a hazy altar of Hepliaklqana.
  9489 | D:8      | Reached XP level 10. HP: 45/53 MP: 9/20
  9502 | D:7      | Reached skill level 5 in Conjurations
  9704 | D:8      | Reached ** piety under Vehumet
  9705 | D:8      | Offered knowledge of Throw Flame by Vehumet.
  9821 | D:8      | Found the cursed +13 scythe of Curses {drain, *Curse}
  9852 | D:8      | Reached skill level 9 in Earth Magic
  9898 | D:8      | Noticed Joseph
  9907 | D:8      | Killed Joseph
 10135 | D:8      | Noticed Maurice
 10189 | D:8      | Found a sacrificial altar of Ru.
 10312 | D:8      | Killed Maurice
 10719 | D:8      | Found a shimmering blue altar of Sif Muna.
 10797 | D:8      | Found a shimmering altar of Xom.
 10797 | D:8      | Found a shimmering altar of Xom.
 10798 | D:8      | Found a shimmering altar of Xom.
 10798 | D:8      | Found a shimmering altar of Xom.
 10798 | D:8      | Found a shimmering altar of Xom.
 10814 | D:8      | Found a shimmering altar of Xom.
 10920 | D:8      | Noticed Grum
 10958 | D:8      | Slain by Grum

Levels and vault maps discovered:
D:1:      psy_arrival_radial01, layout_basic, minmay_misc_feat_encased
D:2:      layout_rooms, grunt_dithmenos_smoke_and_mirrors,
          guppyfry_early_lair_pool
D:3:      cheibrodos_greedy_goblins, layout_loops_cross, marbit_many_paths,
          nicolae_gozag_seed_capital, first_ration, okawaru_ov_weapons_minmay
D:4:      layout_cave_pools, gammafunk_ghost_arena
D:5:      layout_layer_cave, yredelemnul_forgotten_temple_becter,
          minmay_temple_entry_offerings, st_stairs_4
D:6:      layout_rooms, old_standard_altar, nicolae_qazlal_style_of_elements,
          lemuel_round_altar, uniq_eustachio, uniq_crazy_yiuf_cottage,
          uniq_pikel
D:7:      layout_loops_corners, lemuel_coloured_pillars_altar, minitemple,
          enter_ossuary_3, serial_shops, shop
D:8:      layout_cave_pools, lemuel_blue_sif_altar,
          nicolae_ru_great_annihilating_truth, erik_lair_dragon,
          xom_shifter_show, uniq_joseph, uniq_maurice, uniq_grum
Temple:   nicolae_temple_figure_zero

Skill      XL: |  1  2  3  4  5  6  7  8  9 10 |
---------------+-------------------------------+-----
Earth Magic    | 4 5 6 7 8 9 |  9.8
Dodging        | 2 3 4 |  4.0
Armour         | 1 2 3 4 |  4.2
Conjurations   | 1 2 3 4 5 |  5.6
Spellcasting   | 3 4 5 6 7 |  7.5
Staves         | 1 2 5 6 |  6.3
Fighting       | 1 2 |  2.9
Stealth        | 3 4 |  4.1
Ice Magic      | 1 |  1.2
Maces & Flails | |  0.3
Transmutations | |  0.7
Poison Magic   | |  0.2

Action                   |  1- 3 |  4- 6 |  7- 9 | 10-12 || total
-------------------------+-------+-------+-------+-------++-------
Melee: Club              |    38 |       |       |       ||    38
       Quarterstaff      |    12 |    79 |   135 |    67 ||   293
Throw: Stone             |       |       |     1 |       ||     1
 Cast: Sandblast         |    18 |    27 |    30 |     2 ||    77
       Stone Arrow       |    12 |    46 |    72 |    42 ||   172
       Magic Dart        |       |       |    22 |     2 ||    24
       Throw Frost       |       |       |     8 |       ||     8
       Sting             |       |       |     7 |     8 ||    15
       Lee's Rapid Decon |       |       |     2 |     4 ||     6
  Use: Scroll            |     4 |     5 |     5 |     1 ||    15
  Eat: Chunk             |     4 |    16 |     7 |     7 ||    34
       Ration            |       |       |     4 |       ||     4
Armor: Robe              |    16 |       |       |       ||    16
       Leather armour    |    19 |    54 |    71 |   105 ||   249
Dodge: Dodged            |    61 |    69 |    79 |   134 ||   343
